 Dungeon Crawl Stone Soup version 0.30-a0-613-gdd512c7efb (webtiles) character file.

Game seed: 8389583182209217026

107 acebull12 the Chopper (level 4, 0/41 HPs)
             Began as a Hill Orc Monk on Jan 9, 2023.
             Was a Believer of Beogh.
             Succumbed to a water moccasin's poison
             ... on level 4 of the Dungeon.
             The game lasted 00:06:46 (3196 turns).

acebull12 the Chopper (Hill Orc Monk)               Turns: 3196, Time: 00:06:47

Health: 0/41       AC:  5    Str: 15    XL:     4   Next: 86%
Magic:  4/4        EV: 27    Int: 10    God:    Beogh [**....]
Gold:   177        SH:  0    Dex: 13    Spells: 3/3 levels left

rFire   + . .      SeeInvis .    a - +0 hand axe
rCold   . . .      Faith    .    (no shield)
rNeg    . . .      Spirit   .    p - +2 robe {rF+}
rPois   .          Reflect  .    (no helmet)
rElec   .          Harm     .    l - +0 cloak
rCorr   .          Rampage  .    (no gloves)
Will    .....                    (no boots)
Stlth   ++                       j - amulet of the acrobat
HPRegen 0.26/turn                (no ring)
MPRegen 0.09/turn                (no ring)

@: lethally poisoned (0 -> -16), acrobatic
A: no striking features
a: Renounce Religion, Smiting


You were on level 4 of the Dungeon.
You worshipped Beogh.
Beogh was pleased with you.
You visited 1 branch of the dungeon, and saw 5 of its levels.

You collected 177 gold pieces.

Inventory:

Hand Weapons
 a - a +0 hand axe (weapon)
Missiles
 b - 38 stones (quivered)
Armour
 g - a +0 leather armour
 l - a +0 cloak (worn)
 p - a +2 robe of fire resistance (worn)
Jewellery
 j - an amulet of the acrobat (around neck)
Wands
 i - a wand of charming (3)
Scrolls
 d - a scroll of amnesia {unknown}
 f - a scroll of torment {unknown}
 h - 3 scrolls of teleportation {unknown}
 n - a scroll of blinking {unknown}
 o - a scroll of identify {unknown}
 s - a scroll of enchant armour {unknown}
Potions
 c - a potion of ambrosia
 e - 2 potions of might {unknown}
 k - a potion of mutation {unknown}
 m - a potion of berserk rage {unknown}
 q - a potion of haste {unknown}
 r - a potion of cancellation {unknown}


   Skills:
 * Level 4.4 Fighting
 * Level 5.2 Axes
 * Level 1.9 Armour
 * Level 2.8 Dodging
 + Level 1.9 Stealth


You had 3 spell levels left.
You didn't know any spells.
Your spell library contained the following spells:

 Spells                   Type           Power      Damage    Failure   Level
 Slow                     Hex            0%         N/A       36%         1
 Ensorcelled Hibernation  Hex/Ice        0%         N/A       50%         2
 Passwall                 Tmut/Erth      0%         N/A       50%         2
 Confusing Touch          Hex            0%         N/A       75%         3
 Ignite Poison            Fire/Tmut/Pois 0%         N/A       75%         3
 Kindle Blastsparks       Fire/Tloc/Air  0%         2d10      75%         3
 Swiftness                Air            0%         N/A       75%         3
 Tukima's Dance           Hex            0%         N/A       75%         3
 Vampiric Draining        Necr           0%         2d6       75%         3
 Passage of Golubria      Tloc           0%         N/A       98%         4
 Freezing Cloud           Conj/Ice/Air   0%         6-21      100%        5
 Yara's Violent Unravell  Hex/Tmut       0%         3d3       100%        5


Dungeon Overview and Level Annotations

Branches:
Dungeon (5/15)             Temple (0/1) D:5

Altars:

Annotations:
D:4 Sigmund


Message History

Found a scroll labelled KUDETU ICEDD.
The water moccasin hisses angrily.
You hit the water moccasin.
The water moccasin is moderately wounded.
The water moccasin completely misses you.
You closely miss the water moccasin.
The water moccasin is moderately wounded.
The water moccasin completely misses you.
The water moccasin bites you.
You closely miss the water moccasin. Your punch misses the water moccasin.
The water moccasin is moderately wounded.
The water moccasin barely misses you.
You closely miss the water moccasin.
The water moccasin is moderately wounded.
The water moccasin barely misses you.
You hit the water moccasin.
The water moccasin is moderately wounded.
The water moccasin bites you.
You are poisoned.
The water moccasin poisons you! The water moccasin barely misses you.
You closely miss the water moccasin.
The water moccasin is moderately wounded.
You feel very sick. The water moccasin bites you.
You are lethally poisoned!
The water moccasin poisons you!
You barely miss the water moccasin.
The water moccasin is moderately wounded.
You feel extremely sick. The water moccasin misses you.
The water moccasin bites you!
* * * LOW HITPOINT WARNING * * *
You hit the water moccasin.
The water moccasin is heavily wounded.
* * * LOW HITPOINT WARNING * * *
You feel very sick. The water moccasin closely misses you.
Sigmund the Dreaded comes into view.
He is wielding a +3 scythe of flaming and carrying a wand of flame (23).
Okay, then.
Okay, then.
You die...

##............#..##.~~..#
#..##........#@.###....#
....#...........##......
......................##
.............#......>##
....................##
### ......).............#
..# ......S.....#..###.##
..# .......@....##..##†#
..###.#
...........##......#
.......
............#......#
$......
.........#.....##.##
.......
.....#.###....#####
....... .?#)... #..###
....... .##.... ####
.....#. ..... ##..## #..


You could see a water moccasin and Sigmund (wandering).

Vanquished Creatures
  A gnoll (D:3)
  5 adders
  An ufetubus (D:4)
  3 orcs
  2 ball pythons
  3 bats
  5 endoplasms
  9 goblins
  3 hobgoblins
  2 quokkas
  3 frilled lizards
  6 kobolds
  2 rats
45 creatures vanquished.

Vanquished Creatures (others)
  An orc (D:4)
  2 jackals (D:4)
  A ball python (D:4)
  A fungus (D:2)
  A plant (D:2)
6 creatures vanquished.

Grand Total: 51 creatures vanquished

Notes
Turn   | Place    | Note
-------+----------+-------------------------------------------
     0 | D:1      | acebull12 the Hill Orc Monk began the quest for the Orb.
     0 | D:1      | Reached XP level 1. HP: 19/19 MP: 1/1
   200 | D:1      | Reached XP level 2. HP: 13/27 MP: 2/2
   861 | D:2      | Reached XP level 3. HP: 30/33 MP: 3/3
   965 | D:2      | Found a faded altar of an unknown god.
  1310 | D:2      | Reached skill level 1 in Armour
  1870 | D:3      | Reached XP level 4. HP: 35/40 MP: 4/4
  2059 | D:3      | Reached skill level 5 in Axes
  2726 | D:4      | You fall into a shaft and drop 1 floor!
  2726 | D:5      | Entered Level 5 of the Dungeon
  2753 | D:5      | Found a staircase to the Ecumenical Temple.
  2770 | D:5      | Noticed an ogre
  2827 | D:4      | Noticed a water moccasin
  2913 | D:4      | Became a worshipper of Beogh the Brigand
  2913 | D:4      | Reached * piety under Beogh
  2913 | D:4      | Reached ** piety under Beogh
  3195 | D:4      | Noticed Sigmund
  3196 | D:4      | Succumbed to a water moccasin's poison

Illustrated notes

Levels and vault maps discovered:
D:1:      minmay_arrival_stair_chambers, layout_loops_ring
D:2:      layout_loops_cross, shapermc_ecumenical_altar_acropolis,
          kennysheep_path_1
D:3:      minmay_wonky_spiral, layout_basic,
          nicolae_concentric_dashed_squares_wild
D:4:      layout_cave_pools, serial_column_ruins, column_ruins_open_small,
          column_ruins_open_tiny, column_ruins_columns_dead_end,
          column_ruins_grid_4, column_ruins_open_small_water,
          minmay_misc_feat_hallway, uniq_sigmund
D:5:      layout_loops_ring, zin_statuary, cheibriados_altar_1,
          okawaru_altar_gauntlet_db, minmay_temple_entry_large_hall,
          serial_glass, glass_columns_b, glass_columns_a

Skill      XL: |  1  2  3  4 |
---------------+-------------+-----
Fighting       | 4 |  4.4
Armour         | 1 |  1.9
Axes           | 5 |  5.2
Dodging        | |  2.8
Stealth        | |  1.9

Action                   |  1- 3 |  4- 6 || total
-------------------------+-------+-------++-------
Melee: Hand axe          |   108 |    81 ||   189
Throw: Stone             |     1 |       ||     1
Invok: Convert to Beogh  |       |     1 ||     1
 Stab: Sleeping          |     4 |     1 ||     5
Armor: Leather armour    |    20 |    12 ||    32
       Robe              |     1 |    10 ||    11
Dodge: Dodged            |    65 |   101 ||   166

Table legend: (Time is in decaauts)
 A = Elapsed time spent in this place.
 B = Non-inter-level travel time spent in this place.
 C = Inter-level travel time spent in this place.
 D = Time resting spent in this place.
 E = Time spent auto-exploring this place.
 F = Levels seen in this place.
 G = Mean time per level.
                   A        B        C        D        E       F      G
               +--------+--------+--------+--------+--------+-----+--------+
         Total |   3210 |   3093 |    117 |    549 |   1969 |   5 |  642.0 |
       Dungeon |   3210 |   3093 |    117 |    549 |   1969 |   5 |  642.0 |
               +--------+--------+--------+--------+--------+-----+--------+

Top non-repeatable levels by time:
     D:3: 1351 daAuts
     D:1: 718 daAuts
     D:2: 665 daAuts
     D:4: 416 daAuts
     D:5: 57 daAuts
